 Dungeon Crawl Stone Soup version 0.28.0-49-g6dfe1f597d (webtiles) character file.

Game seed: 5370587915034167994

48 bnorton916 the Magician (level 3, 0/19 HPs)
             Began as a Deep Elf Fire Elementalist on May 19, 2022.
             Succumbed to an adder's poison
             ... on level 2 of the Dungeon.
             The game lasted 00:01:22 (2228 turns).

bnorton916 the Magician (DEFE)                      Turns: 2228, Time: 00:01:22

Health: 0/19       AC:  2    Str:  5    XL:     3   Next: 50%
Magic:  3/10       EV: 12    Int: 21    God:
Gold:   71         SH:  0    Dex: 15    Spells: 9/10 levels left

rFire   . . .      SeeInvis .   (no weapon)
rCold   . . .      Faith    .   (no shield)
rNeg    . . .      Spirit   .   a - +0 robe
rPois   .          Reflect  .   (no helmet)
rElec   .          Harm     .   (no cloak)
rCorr   .          Rampage  .   (no gloves)
Will    .....                   (no boots)
Stlth   ++........              (no amulet)
HPRegen 0.06/turn               (no ring)
MPRegen 0.12/turn               (no ring)

@: lethally poisoned (0 -> -9)
A: no striking features
a: no special abilities


You were on level 2 of the Dungeon.
You visited 1 branch of the dungeon, and saw 2 of its levels.

You collected 71 gold pieces.

Inventory:

Missiles
 d - 2 stones
Armour
 a - a +0 robe (worn)
 e - a +0 buckler
Scrolls
 c - a scroll of summoning {unknown}
Potions
 b - a potion of flight {unknown}


   Skills:
 - Level 2.4 Dodging
 - Level 2.4 Stealth
 + Level 4.0 Spellcasting
 + Level 2.3 Conjurations
 + Level 3.9 Fire Magic


You had 9 spell levels left.
You knew the following spells:

 Your Spells              Type           Power      Damage    Failure   Level
a - Foxfire               Conj/Fire      68%        2x1d7     3%          1

Your spell library contained the following spells:

 Spells                   Type           Power      Damage    Failure   Level
 Scorch                   Fire           40%        2d7       3%          2
 Conjure Flame            Conj/Fire      17%        6-21      10%         3
 Inner Flame              Hex/Fire       12%        N/A       16%         3
 Flame Wave               Conj/Fire      17%        2d6       32%         4


Dungeon Overview and Level Annotations

Branches:
Dungeon (2/15)

Altars:


Message History

An adder is nearby!
An adder is nearby!
Casting: Foxfire (safe; 3% risk of failure)
Confirm with . or Enter, or press ? or * to list all spells.
You conjure some foxfire!
The foxfire hits the adder but does no damage.
The foxfire hits the adder.
The adder is lightly wounded.
Casting: Foxfire (safe; 3% risk of failure)
Confirm with . or Enter, or press ? or * to list all spells.
You conjure some foxfire!
The adder barely misses you.
The foxfire hits the adder.
The adder is moderately wounded.
The adder bites you but does no damage. The adder closely misses you.
Casting: Foxfire (safe; 3% risk of failure)
Confirm with . or Enter, or press ? or * to list all spells.
You conjure some foxfire!
The adder bites you.
You are poisoned.
The adder poisons you!
You feel sick.
The foxfire hits the adder.
The adder is heavily wounded.
The adder closely misses you.
Casting: Foxfire (safe; 3% risk of failure)
Confirm with . or Enter, or press ? or * to list all spells.
You conjure some foxfire!
You feel sick. The adder bites you.
You are more poisoned.
The adder poisons you! The adder bites you.
You are more poisoned.
The adder poisons you!
You feel very sick.
The foxfire hits the adder.
The adder is almost dead.
The adder bites you but does no damage.
Casting: Foxfire (safe; 3% risk of failure)
Confirm with . or Enter, or press ? or * to list all spells.
You conjure some foxfire!
* * * LOW HITPOINT WARNING * * *
You feel sick. The adder bites you.
* * * LOW HITPOINT WARNING * * *
You die...

##.# #.# #.. ##. #.
## # # ####.# #.# #
#@S..# #.# #
#v########.# ####
#.##....##.####...
#......ยง.#.#....##
####.#####.#.#####
#......#.#.##...
######.#.#.##.##
#.#........
#.###.##.##


You could see an adder (ally target).

Vanquished Creatures
  An adder (D:2)
  3 dart slugs
  4 endoplasms (D:1)
  A giant cockroach (D:1)
  4 goblins
  A hobgoblin (D:1)
  5 quokkas (D:1)
  4 ball pythons (D:2)
  2 bats
  4 frilled lizards (D:1)
  2 kobolds
  A rat (D:2)
32 creatures vanquished.

Vanquished Creatures (others)
  154 foxfires
154 creatures vanquished.

Grand Total: 186 creatures vanquished

Notes
Turn   | Place    | Note
-------+----------+-------------------------------------------
     0 | D:1      | bnorton916 the Deep Elf Fire Elementalist began the quest
                  | for the Orb.
     0 | D:1      | Reached XP level 1. HP: 10/10 MP: 6/6
   479 | D:1      | Reached XP level 2. HP: 15/15 MP: 1/8
  1895 | D:2      | Reached XP level 3. HP: 19/19 MP: 7/10
  2197 | D:2      | Reached skill level 4 in Spellcasting
  2228 | D:2      | Succumbed to an adder's poison

Illustrated notes

Levels and vault maps discovered:
D:1:      amcnicky_arrival_flooded_fountain, layout_basic
D:2:      layout_basic, nicolae_ecumenical_snake_handling, minmay_pentomino_w2

Skill      XL: |  1  2  3 |
---------------+----------+-----
Conjurations   | 2 |  2.3
Spellcasting   | 4 |  4.0
Dodging        | |  2.4
Stealth        | |  2.4
Fire Magic     | |  3.9

Action                   || total
-------------------------++-------
 Cast: Foxfire           ||   103
Armor: Robe              ||     3
Dodge: Dodged            ||    10
